 Dungeon Crawl Stone Soup version 0.31.0-9-g3a7656b989 (webtiles) character file.

Game seed: 13509908687801889465

70 qw the Shooter (level 4, 0/22 (25) HPs)
             Began as a Deep Elf Hunter on Feb 2, 2024.
             Slain by a goblin
             ... wielding a +0 dagger
             ... led by Robin
              (1 damage)
             ... on level 2 of the Dungeon.
             The game lasted 00:00:02 (1018 turns).

qw the Shooter (Deep Elf Hunter)                    Turns: 1018, Time: 00:00:03

HP:   0/22 (25)     AC:  3    Str: 10    XL:     4   Next: 3%
MP:   6/6           EV: 12    Int: 14    God:
Gold: 10            SH:  0    Dex: 18    Spells: 3/3 levels left

rFire   . . .        a - +0 shortbow
rCold   . . .        (shield currently unavailable)
rNeg    . . .        c - +0 leather armour
rPois   .            (no helmet)
rElec   .            (no cloak)
rCorr   .            (no gloves)
SInv    .            (no boots)
Will    .....        (no amulet)
Stlth   ++           (no ring)
HPRegen 0.23/turn    (no ring)
MPRegen 0.10/turn

%: no passive effects
@: heavily drained
A: no striking features
a: no special abilities


You were on level 2 of the Dungeon.
You visited 1 branch of the dungeon, and saw 2 of its levels.

You collected 10 gold pieces.


   Skills:
 - Level 1.5 Fighting
 + Level 7.4 Ranged Weapons
 - Level 2.4 Dodging
 - Level 1.2 Stealth


You had 3 spell levels left.
You didn't know any spells.
Your spell library was empty.

Inventory:

Hand Weapons
 a - a +0 shortbow (weapon)
Armour
 c - a +0 leather armour (worn)
Scrolls
 b - a scroll of identify
 e - a scroll of enchant armour {unknown}
 f - a scroll of revelation {unknown}
Potions
 d - a potion of enlightenment

Dungeon Overview and Level Annotations

Branches:
Dungeon (2/15)

Altars:

Shops:
D:1 *

Annotations:
D:2 Robin


Message History

A goblin is wielding a +2 dagger of venom.
Found a white potion.
Robin shouts!
You hear a shout! x3
A goblin comes into view. It is wielding a +0 club.
The goblin enters a dispersal trap!
Robin blinks!
The goblin blinks! x6
Robin blinks!
You blink.
Found a There-And-Back Book.
Found a stone staircase leading down.
The goblin blinks!
Robin roars a battlecry!
The goblins go into a battle-frenzy!
A hobgoblin comes into view.
The goblin moves out of view.
The hobgoblin shouts!
The goblin shouts! x3; You hear a shout!
The goblin shouts!
You shoot an arrow. The goblin shouts!
The hobgoblin shouts!
The arrow hits the goblin.
You kill the goblin!
The goblin hits you with a +2 dagger of draining.
You feel drained.
You have reached level 4!
You feel clever.
You shoot an arrow. The arrow closely misses the goblin.
The arrow hits the goblin!
You kill the goblin!
The goblin hits you with a +2 dagger of draining.
You feel drained.
You shoot an arrow.
The arrow hits Robin but does no damage.
The goblin hits you with a +2 dagger of draining.
You feel drained. The goblin closely misses you.
A ribbon worm comes into view.
You shoot an arrow. The arrow hits Robin!
Robin is heavily wounded.
The goblin closely misses you. The goblin hits you with a +0 club.
The goblin hits you with a +0 dagger. The goblin hits you but does no damage.
You shoot an arrow. The arrow hits Robin.
Robin is severely wounded.
Robin roars a battlecry!
The goblins go into a battle-frenzy!
The goblin closely misses you. x2; The goblin hits you with a +0 dagger.
You die...

###.#..# ..
#......##..
#.:......w.
#>.........
#.....!.... ##.
#..gg...... ##.P
###...g......
#8P8##...g@gg...).
#........ggg.^...
#.......g.......
#.#............. #
#.....##........
#.####..#..##........
.........############
.........# .........#


You could see a ribbon worm, Robin, 2 hobgoblins and 7 goblins.

Vanquished Creatures
  Natasha (D:2)
  2 adders (D:2)
  A dart slug (D:1)
  An orc (D:2)
  5 bats (D:1)
  An endoplasm (D:2)
  A giant cockroach (D:1)
  3 goblins
  2 hobgoblins (D:2)
  2 ball pythons
  2 frilled lizards
  4 kobolds
  4 rats
29 creatures vanquished.

Notes
Turn   | Place    | Note
-------+----------+-------------------------------------------
     0 | D:1      | qw the Deep Elf Hunter began the quest for the Orb.
     0 | D:1      | Reached XP level 1. HP: 12/12 MP: 3/3
     0 | D:1      | 0 ||| qw: Version: 0.3-a-155-g5e7d8dd
     0 | D:1      | 0 ||| qw: Game counter: 1849
     0 | D:1      | 0 ||| qw: Melee chars always use a shield: true
     0 | D:1      | 0 ||| qw: God list: Okawaru
     0 | D:1      | 0 ||| qw: Allow faded altars: false
     0 | D:1      | 0 ||| qw: Do Orc after clearing Dungeon:15 true
     0 | D:1      | 0 ||| qw: Do second Lair branch before Depths: true
     0 | D:1      | 0 ||| qw: Lair rune preference: random
     0 | D:1      | 0 ||| qw: Goals: Normal
     0 | D:1      | 0 ||| PLANNING D:1-11
   233 | D:1      | Reached XP level 2. HP: 16/16 MP: 4/4
   261 | D:1      | Reached skill level 6 in Ranged Weapons
   354 | D:1      | Found Onyerph's General Store.
   359 | D:1      | 359 ||| SHOPLISTING potion of might (52 gold, have 3).
   359 | D:1      | 359 ||| SHOPLISTING scroll of identify (26 gold, have 3).
   819 | D:1      | 819 ||| READING scroll labelled DICOEHOXTUHOU.
   819 | D:1      | 819 ||| IDENTIFYING fizzy golden potion
   820 | D:1      | 820 ||| DROPPING scroll of butterflies.
   852 | D:2      | Reached XP level 3. HP: 20/20 MP: 5/5
   990 | D:2      | Noticed Natasha
  1000 | D:2      | Killed Natasha
  1001 | D:2      | Reached skill level 7 in Ranged Weapons
  1013 | D:2      | Noticed Robin
  1015 | D:2      | Reached XP level 4. HP: 21/24 MP: 6/6
  1017 | D:2      | HP: 1/22 [goblin/+0 dagger[Robin] (5)]
  1018 | D:2      | Slain by a goblin

Levels and vault maps discovered:
D:1:      roderic_octagonal_star, layout_basic, serial_shops,
          nicolae_shop_hallway_stairs
D:2:      layout_rooms, serial_corexii_hall, corexii_hall_statues_i,
          chequers_hall_statues_wall_a, chequers_hall_statues_y,
          corexii_hall_statues_s, shapermc_ecumenical_altar_petra,
          grunt_ministairs_15, patterned_corridor, uniq_natasha, uniq_robin

Skill      XL: |  1  2  3 |
---------------+----------+-----
Ranged Weapons | 6 7 |  7.4
Fighting       | |  1.5
Dodging        | |  2.4
Stealth        | |  1.2

Action                     |  1- 3 |  4- 6 || total
---------------------------+-------+-------++-------
   Fire: Shortbow          |    71 |     4 ||    75
    Use: Scroll            |     1 |       ||     1
 Armour: Leather armour    |     6 |     6 ||    12
  Dodge: Dodged            |     9 |     4 ||    13

Table legend:
 A = Non-vault XP
 B = Vault XP
 C = Vault XP percentage of total XP
 D = Non-vault monster count
 E = Vault monster count
 F = Vault count percentage of total count
                 A         B        C        D         E       F
            +---------+---------+-------+---------+---------+-------
      Total |      46 |      54 |  54.0 |      23 |       6 |  20.7
            +---------+---------+-------+---------+---------+-------
        D:1 |      23 |       0 |   0.0 |      16 |       0 |   0.0
        D:2 |      23 |      54 |  70.1 |       7 |       6 |  46.2
            +---------+---------+-------+---------+---------+-------
